 Dungeon Crawl Stone Soup version 0.25.0-11-g1f837a76a1 (webtiles) character file.

Game seed: 17750667885322764159

672 Esekla the Magician (level 7, -9/51 HPs)
             Began as a Barachi Necromancer on June 28, 2020.
             Was a Follower of Qazlal.
             Mangled by Menkaure (16 damage)
             ... on level 5 of the Dungeon.
             The game lasted 00:25:14 (4291 turns).

Esekla the Magician (Barachi Necromancer)           Turns: 4291, Time: 00:25:15

Health: -9/51      AC: 10    Str: 10    XL:     7   Next: 59%
Magic:  14/14      EV: 14    Int: 17    God:    Qazlal [*.....]
Gold:   288        SH:  1    Dex: 12    Spells: 11/15 levels left

rFire    . . .     SeeInvis .   t - +5 trident (venom)
rCold    . . .     Gourm    .   (no shield)
rNeg     + . .     Faith    .   l - +2 robe {rN+}
rPois    .         Spirit   .   k - +0 helmet
rElec    .         Reflect  .   n - +2 cloak
rCorr    .         Harm     .   (no gloves)
MR       .....                  i - +1 pair of boots
Stlth    ++........             (no amulet)
HPRegen  0.17/turn              (no ring)
MPRegen  0.14/turn              (no ring)

@: slow
A: +LOS, swims, slowness 1, strong legs 1
a: Hop, Renounce Religion


You were on level 5 of the Dungeon.
You worshipped Qazlal.
Qazlal was aware of your devotion.
You were not hungry.

You visited 2 branches of the dungeon, and saw 6 of its levels.

You collected 288 gold pieces.

Inventory:

Hand Weapons
 a - a +0 long sword
 s - a +0 short sword
 t - a +5 trident of venom (weapon)
Armour
 i - a +1 pair of boots (worn)
 k - a +0 helmet (worn)
 l - a +2 robe of positive energy (worn)
 n - a +2 cloak (worn)
Wands
 b - a wand of enslavement (6)
 q - a wand of acid (13)
 u - a wand of clouds (7)
 v - a wand of iceblast (6)
Scrolls
 e - 6 scrolls of identify {unknown}
 h - a scroll of enchant weapon {unknown}
 j - 3 scrolls of teleportation {unknown}
 m - 2 scrolls of fear {unknown}
 p - a scroll of magic mapping {unknown}
 r - 3 scrolls of remove curse {unknown}
 x - a scroll of fog {unknown}
Potions
 d - 2 potions of heal wounds {unknown}
 f - a potion of berserk rage {unknown}
 g - a potion of stabbing {unknown}
 o - a potion of curing {unknown}
 w - a potion of ambrosia {unknown}
Comestibles
 c - 6 rations


   Skills:
 + Level 2.6 Fighting
 + Level 2.0(3.2) Short Blades
 * Level 4.2(4.5) Long Blades
 + Level 0.2 Polearms
 * Level 4.3 Dodging
 - Level 1.7 Stealth
 * Level 4.9 Spellcasting
 + Level 4.3 Necromancy


You had 11 spell levels left.
You knew the following spells:

 Your Spells              Type           Power        Failure   Level  Hunger
a - Pain                  Necr           ###.         2%          1    None
d - Vampiric Draining     Necr           ###.......   8%          3    ###....

Your spell library contained the following spells:

 Spells                   Type           Power        Failure   Level  Hunger
 Animate Skeleton         Necr           N/A          2%          1    None
 Animate Dead             Necr           N/A          24%         4    ####...
 Agony                    Necr           ###.....     56%         5    ######.


Dungeon Overview and Level Annotations

Branches:
Dungeon (5/15)             Temple (1/1) D:4

Altars:
Ashenzari
Cheibriados
Dithmenos
Elyvilon
Fedhas
Hepliaklqana
Kikubaaqudgha
Makhleb
Nemelex Xobeh
Okawaru
Qazlal
Ru
Sif Muna
Trog
Uskayaw
Wu Jian
Yredelemnul
Zin
The Shining One

Annotations:
D:5 Menkaure


Innate Abilities, Weirdness & Mutations

You can be seen from farther away. (+LOS)
You can swim through water.
You cover ground slowly.
You can hop short distances.


Message History

Qazlal accepts your kill.
You see here 8 gold pieces.
You now have 288 gold pieces (gained 8).
Menkaure calls on the powers of darkness!
Your body is wracked with pain!
Found a stone staircase leading down.
You see here a hound corpse.
Menkaure points at you and mumbles some strange words.
Pain shoots through your body!
Attack whom?
Press: ? - help, Dir - move target cursor, f - Menkaure
Aim: Menkaure (fast)
You reach to attack!
You puncture Menkaure!
Menkaure is heavily damaged.
You hit Menkaure but do no damage.
Menkaure is heavily damaged.
Menkaure hits you!!
* * * LOW HITPOINT WARNING * * *
Menkaure hits you!
You die...

.....###.##.........##
....## ## ##....>....#
.....# #...^.....## ......#
#..........#..
.....###.####.#.....#.....#
......##......#.....#...###
.##...........†.........#
.. ##.........#..........#
. .........#.@...###....
..........M...# .....
#.#....#.......# ...a #
##...#.......#
#............#
....>....".)...
............#.#.#
.........##### ....#.....#


You could see Menkaure (fast).

Vanquished Creatures
  Sigmund (D:2)
  2 sky beasts (D:5)
  A scorpion (D:5)
  A bullfrog skeleton (D:5)
  A hound (D:5)
  Jessica (D:2)
  Terence (D:2)
  A worker ant (D:4)
  3 adders
  An ooze (D:4)
  An adder skeleton (D:5)
  A worm (D:2)
  A dart slug (D:1)
  4 leopard geckos
  5 orcs (D:3)
  6 bats
  2 giant cockroaches (D:4)
  7 goblins
  11 hobgoblins
  6 jackals
  6 kobolds
  A ball python (D:3)
  7 frilled lizards
  8 rats
79 creatures vanquished.

Vanquished Creatures (others)
  An orc wizard (D:3)
1 creature vanquished.

Grand Total: 80 creatures vanquished

Notes
Turn   | Place    | Note
-------+----------+-------------------------------------------
     0 | D:1      | Esekla the Barachi Necromancer began the quest for the Orb.
     0 | D:1      | Reached XP level 1. HP: 13/13 MP: 3/3
   273 | D:1      | Reached skill level 1 in Fighting
   273 | D:1      | Reached XP level 2. HP: 16/21 MP: 1/5
   532 | D:1      | Reached XP level 3. HP: 9/26 MP: 4/7
   547 | D:1      | Learned a level 3 spell: Vampiric Draining
  1142 | D:2      | You fall into a shaft and drop 1 floor!
  1407 | D:3      | Reached skill level 1 in Short Blades
  1407 | D:3      | Reached XP level 4. HP: 13/33 MP: 2/9
  1983 | D:4      | Found a staircase to the Ecumenical Temple.
  1993 | Temple   | Entered the Ecumenical Temple
  2123 | Temple   | Became a worshipper of Qazlal Stormbringer
  2355 | D:3      | Reached XP level 5. HP: 38/38 MP: 10/10
  2479 | D:2      | Noticed Terence
  2655 | D:2      | Noticed Sigmund
  2708 | D:2      | Killed Sigmund
  2708 | D:2      | Reached skill level 1 in Long Blades
  2708 | D:2      | Reached XP level 6. HP: 33/44 MP: 0/12
  2760 | D:2      | Killed Terence
  2898 | D:2      | Noticed Jessica
  2912 | D:2      | Killed Jessica
  3431 | D:2      | Reached * piety under Qazlal
  3750 | D:4      | Found an ancient bone altar of Kikubaaqudgha.
  4067 | D:5      | Entered Level 5 of the Dungeon
  4067 | D:5      | Noticed a sky beast
  4074 | D:5      | Killed a sky beast
  4074 | D:5      | Reached XP level 7. HP: 51/51 MP: 12/14
  4284 | D:5      | Noticed Menkaure
  4291 | D:5      | Mangled by Menkaure

Illustrated notes

Levels and vault maps discovered:
D:1:      zaba_arrival_water, layout_rooms
D:2:      layout_loops_ring, uniq_jessica, uniq_sigmund, uniq_terence
D:3:      layout_basic
D:4:      layout_loops_ring, kiku_gazebo_pond_becter, lemuel_temple_firewalk_b,
          first_ration
D:5:      layout_cave_pools, chequers_serial_rivers_marsh, uniq_menkaure
Temple:   dpeg_five_rooms_temple

Skill      XL: |  1  2  3  4  5  6  7 |
---------------+----------------------+-----
Fighting       | 1 2 |  2.6
Spellcasting   | 3 4 |  4.9
Short Blades   | 1 2 |  2.0
Dodging        | 3 4 |  4.3
Long Blades    | 1 2 4 |  4.2
Necromancy     | 4 |  4.3
Polearms       | |  0.2
Stealth        | |  1.7

Action                   |  1- 3 |  4- 6 |  7- 9 || total
-------------------------+-------+-------+-------++-------
Melee: Short sword       |   116 |    42 |       ||   158
       Long sword        |       |    72 |       ||    72
       Trident           |       |     4 |    20 ||    24
 Cast: Pain              |    15 |       |       ||    15
       Vampiric Draining |     4 |    13 |     2 ||    19
 Stab: Sleeping          |     1 |     3 |       ||     4
  Eat: Chunk             |     1 |    11 |     2 ||    14
Armor: Robe              |    43 |    55 |     8 ||   106
Dodge: Dodged            |   102 |    99 |    12 ||   213
       Rpst.: Long sword |       |    24 |       ||    24
